 Dungeon Crawl Stone Soup version 0.28-a0-1638-g9123634e07 (webtiles) character file.

Game seed: 16883293576358625816

28 HallandMoats the Skirmisher (level 3, 33/33 HPs)
             Began as a Ghoul Fighter on Jan 25, 2022.
             Was a Follower of Sif Muna.
             Safely got out of the dungeon.
             The game lasted 00:01:03 (1053 turns).

HallandMoats the Skirmisher (Ghoul Fighter)         Turns: 1053, Time: 00:01:04

Health: 33/33      AC:  7    Str: 19    XL:     3   Next: 12%
Magic:  2/2        EV:  9    Int:  5    God:    Sif Muna [*.....]
Gold:   24         SH:  4    Dex:  8    Spells: 2/2 levels left

rFire   . . .      SeeInvis .     - Unarmed
rCold   + . .      Faith    .   b - +0 buckler
rNeg    + + +      Spirit   .   a - +0 scale mail
rPois   ∞          Reflect  .   e - +0 helmet
rElec   .          Harm     .   (no cloak)
rCorr   .          Rampage  .   (no gloves)
Will    .....                   (no boots)
Stlth   ..........              (no amulet)
HPRegen 0.11/turn               (no ring)
MPRegen 0.08/turn               (no ring)

@: no status effects
A: claws 1, cold resistance 1, negative energy resistance 3, inhibited
regeneration, torment resistance 2
a: Renounce Religion, Channel Magic


You escaped.
You worshipped Sif Muna.
Sif Muna was aware of your devotion.
You visited 1 branch of the dungeon, and saw 1 of its levels.

You collected 24 gold pieces.

Inventory:

Armour
 a - a +0 scale mail (worn)
 b - a +0 buckler (worn)
 e - a +0 helmet (worn)
Scrolls
 d - a scroll of teleportation {unknown}
 f - a scroll of fear {unknown}
Potions
 c - a potion of might


   Skills:
 * Level 3.7 Fighting
 + Level 2.8 Armour
 + Level 0.5 Dodging
 + Level 2.8 Shields
 * Level 2.7 Unarmed Combat
 + Level 0.5 Invocations


You had 2 spell levels left.
You didn't know any spells.
Your spell library was empty.

Dungeon Overview and Level Annotations

Branches:
Dungeon (1/15)

Altars:
Sif Muna


Innate Abilities, Weirdness & Mutations

You thrive by killing the living.
You are immune to poison.
You have sharp fingernails.
Your flesh is cold resistant. (rC+)
You are immune to negative energy. (rN+++)
You do not regenerate when monsters are visible.
You are immune to unholy pain and torment.


Message History

You scratch the bat.
The bat is heavily wounded.
The bat hits you but does no damage. The bat barely misses you.
The bat hits you but does no damage.
You scratch the bat but do no damage.
The bat is heavily wounded.
You block the bat's attack. The bat closely misses you.
The bat hits you but does no damage.
You miss the bat.
The bat is heavily wounded.
The bat hits you but does no damage. The bat hits you but does no damage.
The bat hits you but does no damage. The bat hits you but does no damage.
You barely miss the bat.
The bat is heavily wounded.
The bat closely misses you.
You scratch the bat.
You kill the bat!
No target in view!
No target in view!
Search for what [? for help]? altar
There is a faded altar of an unknown god here.
You see here a -3 hand axe.
You cannot tell which god this altar belongs to.
Convert to them anyway?
Sif Muna accepts your prayer! Sif Muna welcomes you!
You can now call upon Sif Muna for magical energy.
(D) Dungeon
Where to? (Enter - D:1 @ (x,y), ? - help)
What level of the Dungeon? (default 1, ? - help)
There is an open door here.
There is an open door here.
There is an open door here.
You see here a +0 club.
There is a stone staircase leading down here.
You see here a +0 hand axe.
There is a staircase leading out of the dungeon here.
Are you sure you want to leave the Dungeon?
This will make you lose the game!
You have escaped!

# #..#.###### ... #. .#
#..#.# #. .###..#.# #.
......#.# #. .###.##.#
##### ## ........###....
###### ...#.####...
..###......
...#..##....###.........
.#.#..##...#....@.#
...#..# #.....###
...#..# #....## .#.##.#
#....## ...# .#
#.....### ...#
#...#......#######. .#.#
#....###........... ...#
##......###.......# #.
...#
###.......#######....


There were no monsters in sight!

Vanquished Creatures
  A dart slug (D:1)
  3 bats (D:1)
  3 endoplasms (D:1)
  4 hobgoblins (D:1)
  2 jackals (D:1)
  2 kobolds (D:1)
  2 quokkas (D:1)
  2 ball pythons (D:1)
  3 frilled lizards (D:1)
22 creatures vanquished.

Notes
Turn   | Place    | Note
-------+----------+-------------------------------------------
     0 | D:1      | HallandMoats the Ghoul Fighter began the quest for the Orb.
     0 | D:1      | Reached XP level 1. HP: 19/19 MP: 0/0
   169 | D:1      | Reached XP level 2. HP: 18/26 MP: 1/1
   679 | D:1      | Reached XP level 3. HP: 31/31 MP: 2/2
   746 | D:1      | Found a faded altar of an unknown god.
   868 | D:1      | Prayed at the altar of an unknown god.
   868 | D:1      | Became a worshipper of Sif Muna the Loreminder
   868 | D:1      | Reached * piety under Sif Muna
  1053 | D:$      | Safely got out of the dungeon.

Illustrated notes

Levels and vault maps discovered:
D:1:      dpeg_arrival_oval, layout_basic, ebering_ecumenical_altar_rust,
          columned_hall_lemuel, grunt_decor_clamped

Action                   || total
-------------------------++-------
Melee: Unarmed           ||    83
Armor: Scale mail        ||    42
Dodge: Dodged            ||    36
Block: Buckler           ||    11

Table legend: (Time is in decaauts)
 A = Elapsed time spent in this place.
 B = Non-inter-level travel time spent in this place.
 C = Inter-level travel time spent in this place.
 D = Time resting spent in this place.
 E = Time spent auto-exploring this place.
 F = Levels seen in this place.
 G = Mean time per level.
                   A        B        C        D        E       F      G
               +--------+--------+--------+--------+--------+-----+--------+
         Total |   1053 |    817 |    236 |      0 |    646 |   1 | 1053.0 |
       Dungeon |   1053 |    817 |    236 |      0 |    646 |   1 | 1053.0 |
               +--------+--------+--------+--------+--------+-----+--------+

Top non-repeatable levels by time:
     D:1: 1053 daAuts
